 Dungeon Crawl Stone Soup version 0.27-a0-1555-g0e7b3fb (webtiles) character file.

Game seed: 18159385382117083646

3924 Meow the Fighter (level 10, -5/89 HPs)
             Began as a Ghoul Earth Elementalist on July 14, 2021.
             Was a Follower of Sif Muna.
             Slain by a seven-headed hydra (7 damage)
             ... on level 9 of the Dungeon.
             The game lasted 00:31:47 (11614 turns).

Meow the Fighter (Ghoul Earth Elementalist)        Turns: 11614, Time: 00:31:49

Health: -5/89      AC:  8    Str: 13    XL:     10   Next: 20%
Magic:  18/18      EV: 11    Int: 19    God:    Sif Muna [*.....]
Gold:   300        SH:  0    Dex:  9    Spells: 0/21 levels left

rFire    + . .     SeeInvis .   a - +9 quick blade of the Lonely Nightcaps {vorpal, Will+}
rCold    + + .     Faith    .   (no shield)
rNeg     + + +     Spirit   .   r - +0 leather armour {rF+}
rPois    ∞         Reflect  .   B - +0 helmet
rElec    .         Harm     .   M - +1 cloak
rCorr    .         Rampage  .   d - +1 pair of gloves
Will     +....                  (no boots)
Stlth    +.........             (no amulet)
HPRegen  0.00/turn              q - ring of protection from cold
MPRegen  0.16/turn              y - +6 ring of intelligence

@: studying Air Magic
A: claws 1, cold resistance 1, negative energy resistance 3, inhibited
regeneration, torment resistance 2
a: Renounce Religion, Channel Magic


You were on level 9 of the Dungeon.
You worshipped Sif Muna.
Sif Muna was aware of your devotion.
You visited 2 branches of the dungeon, and saw 10 of its levels.

You collected 355 gold pieces.
You spent 55 gold pieces at shops.

Inventory:

Hand Weapons
 a - the +9 quick blade of the Lonely Nightcaps (weapon) {vorpal, Will+}
   (You acquired it on level 6 of the Dungeon)

   It inflicts extra damage upon your enemies.
   Will:      It increases your willpower.
 b - a +1 dagger of venom
 e - a +2 shortbow of flaming
 v - a +0 flail of protection
 A - a +1 vorpal hand axe
 N - a +5 mace
Missiles
 c - 154 stones
 i - 40 poisoned darts
 x - 125 arrows
 C - 19 sling bullets
 L - a curare-tipped dart
Armour
 d - a +1 pair of gloves (worn)
 r - a +0 leather armour of fire resistance (worn)
 B - a +0 helmet (worn)
 M - a +1 cloak (worn)
Jewellery
 q - a ring of protection from cold (left hand)
 y - a +6 ring of intelligence (right hand)
Wands
 s - a wand of flame (32)
 E - a wand of iceblast (22)
 K - a wand of paralysis (2)
Scrolls
 f - 2 scrolls of identify
 g - 3 scrolls of blinking {unknown}
 k - a scroll of amnesia
 n - a scroll of magic mapping
 F - a scroll of fog {unknown}
 I - 2 scrolls of noise {unknown}
Potions
 h - a potion of cancellation {unknown}
 j - a potion of attraction {unknown}
 l - 2 potions of resistance {unknown}
 p - a potion of degeneration {unknown}
 t - a potion of ambrosia {unknown}
 u - a potion of brilliance {unknown}
 w - a potion of mutation {unknown}
 z - a potion of might {unknown}
 G - a potion of haste {unknown}
 H - a potion of lignification {unknown}
 J - 2 potions of magic {unknown}


   Skills:
 + Level 8.3 Fighting
 - Level 1.7 Dodging
 - Level 2.1 Stealth
 + Level 6.1 Spellcasting
 + Level 6.1 Conjurations
 - Level 0.8 Transmutations
 + Level 8.1 Earth Magic


You couldn't memorise any spells.
You knew the following spells:

 Your Spells              Type           Power      Damage    Failure   Level
a - Sandblast             Erth           72%        2d16      1%          1
b - Sticky Flame          Conj/Fire      17%        2d4       38%         4
c - Bolt of Magma         Conj/Fire/Erth 11%        4d7       50%         5
g - Iron Shot             Conj/Erth      16%        9d4       75%         6
A - Stone Arrow           Conj/Erth      64%        3d11      2%          3
E - Passwall              Tmut/Erth      18%        N/A       3%          2

Your spell library contained the following spells:

 Spells                   Type           Power      Damage    Failure   Level
 Conjure Flame            Conj/Fire      17%        6-21      12%         3
 Lee's Rapid Deconstruct  Erth           18%        3d12*     14%         5
 Petrify                  Tmut/Erth      22%        N/A       22%         4
 Animate Armour           Summ/Erth      42%        N/A       26%         4
 Ignite Poison            Fire/Tmut/Pois 6%         N/A       36%         3
 Borgnjor's Vile Clutch   Necr/Erth      10%        N/A       58%         5
 Blade Hands              Tmut           Unusable   N/A       N/A         5

Dungeon Overview and Level Annotations

Branches:
Dungeon (9/15)             Temple (1/1) D:4
   Lair: D:8-11         Orc: D:9-12

Altars:
Ashenzari
Cheibriados
Dithmenos
Elyvilon
Fedhas
Hepliaklqana
Kikubaaqudgha
Makhleb
Nemelex Xobeh
Okawaru
Qazlal
Ru
Sif Muna
Trog
Uskayaw
Wu Jian
Xom
Yredelemnul
Zin
The Shining One
Beogh

Shops:
D:2 !

Annotations:
D:2 1 runed translucent door, Crazy Yiuf
D:6 3 runed translucent doors, MrRush's ghost, novice DDFi
D:7 Joseph


Innate Abilities, Weirdness & Mutations

You thrive by killing the living.
You are immune to poison.
You have sharp fingernails.
Your flesh is cold resistant. (rC+)
You are immune to negative energy. (rN+++)
You do not regenerate when monsters are visible.
You are immune to unholy pain and torment.


Message History

The seven-headed hydra bites you but does no damage.
The seven-headed hydra bites you! The seven-headed hydra bites you.
The seven-headed hydra bites you but does no damage.
The seven-headed hydra closely misses you.
Okay, then.
Unknown command.
Okay, then.
Okay, then.
Okay, then.
Unknown command.
Okay, then.
Okay, then.
As you read the scroll of torment, it crumbles to dust.
You feel a surge of unholy energy.
The seven-headed hydra convulses!
The seven-headed hydra completely misses you.
The seven-headed hydra bites you. The seven-headed hydra bites you!
The seven-headed hydra bites you. x3; The seven-headed hydra bites you!
* * * LOW HITPOINT WARNING * * *
Unknown command.
You feel much better.
The seven-headed hydra barely misses you.
The seven-headed hydra bites you!
The seven-headed hydra completely misses you.
The seven-headed hydra bites you!
* * * LOW HITPOINT WARNING * * *
The seven-headed hydra barely misses you.
The seven-headed hydra bites you.
* * * LOW HITPOINT WARNING * * *
The seven-headed hydra bites you but does no damage.
The centaur zombie misses you. The centaur zombie barely misses you.
Unknown command.
There is a stone staircase leading up here.
There is a stone staircase leading up here.
You hit the seven-headed hydra but do no damage.
The seven-headed hydra is moderately wounded.
The seven-headed hydra closely misses you.
The seven-headed hydra bites you!
* * * LOW HITPOINT WARNING * * *
The seven-headed hydra bites you!
You die...

##############
##.#.<........#
#....#........#
#....#.Z......#
#....#........+
#....#........#######
#..ZD#...<...........
#†..@#...............
#....#...............
#....#...............
#....#.########.#####
#.[..#.# ♣♣♣♣♣.♣♣♣♣♣
#....#.#♣♣♣.........♣
#....#.#.............
#....#.#♣♣♣.........♣
#....#.# ♣♣♣♣♣.♣♣♣♣♣


You could see a seven-headed hydra and a centaur zombie.

Vanquished Creatures
  Pikel (D:6)
  Maurice (D:8)
  A shadow (D:9)
  4 yaks
  A steam dragon (D:9)
  A black bear (D:5)
  An orc warrior (D:5)
  A sky beast (D:6)
  An ogre (D:7)
  A phantom (D:3)
  3 centaurs
  2 lemures (D:6)
  Blork the orc (D:4)
  A kobold brigand (D:8)
  5 bullfrogs
  3 wights (D:8)
  A howler monkey (D:9)
  2 hounds
  3 jellies (D:6)
  A bullfrog skeleton (D:6)
  3 orc priests
  3 centaur skeletons
  3 iguanas
  Natasha (thrice) (D:3 D:2)
  8 orc wizards
  A scorpion zombie (D:3)
  A hound zombie (D:3)
  4 gnolls (D:5)
  7 adders
  2 white imps
  An ufetubus (D:4)
  An adder skeleton (D:3)
  3 worms
  2 dart slugs
  21 orcs
  10 endoplasms
  3 giant cockroaches
  7 goblins
  8 hobgoblins
  9 jackals
  2 quokkas
  8 ball pythons
  2 ball python skeletons (D:3)
  4 bats
  8 frilled lizards
  13 kobolds
  8 rats
180 creatures vanquished.

Vanquished Creatures (others)
  4 withered plants (D:3)
4 creatures vanquished.

Grand Total: 184 creatures vanquished

Notes
Turn   | Place    | Note
-------+----------+-------------------------------------------
     0 | D:1      | Meow the Ghoul Earth Elementalist began the quest for the
                  | Orb.
     0 | D:1      | Reached XP level 1. HP: 14/14 MP: 2/2
   387 | D:1      | Reached XP level 2. HP: 19/20 MP: 0/4
  1561 | D:1      | Found a faded altar of an unknown god.
  1591 | D:1      | Reached XP level 3. HP: 14/26 MP: 2/5
  2189 | D:1      | Learned a level 3 spell: Stone Arrow
  2192 | D:1      | Learned a level 2 spell: Passwall
  2450 | D:2      | Found Acipt's Distillery.
  2665 | D:2      | Reached XP level 4. HP: 33/33 MP: 3/7
  2882 | D:2      | Found a runed translucent door.
  2883 | D:2      | Noticed Crazy Yiuf
  3499 | D:3      | Found an ornate altar of the Wu Jian Council.
  3844 | D:3      | Reached XP level 5. HP: 38/38 MP: 8/8
  3900 | D:3      | Reached skill level 5 in Earth Magic
  3942 | D:3      | Noticed Natasha
  3968 | D:4      | Noticed Blork the orc
  4050 | D:3      | Noticed a phantom
  4086 | D:3      | Killed a phantom
  4087 | D:3      | Reached skill level 1 in Conjurations
  4087 | D:3      | Reached XP level 6. HP: 17/45 MP: 0/10
  4330 | D:2      | Bought a potion of heal wounds for 55 gold pieces
  4860 | D:3      | Killed Natasha
  4883 | D:3      | Noticed Natasha
  4899 | D:2      | Killed Natasha
  6078 | D:2      | Noticed Natasha
  6085 | D:2      | Killed Natasha
  6195 | D:4      | Killed Blork the orc
  6196 | D:4      | Reached XP level 7. HP: 50/50 MP: 1/11
  6292 | D:4      | You fall into a shaft and drop 2 floors!
  6651 | D:5      | Entered Level 5 of the Dungeon
  7058 | D:4      | Reached XP level 8. HP: 50/57 MP: 13/13
  7068 | D:4      | Found an iron altar of Okawaru.
  7279 | D:4      | Found a staircase to the Ecumenical Temple.
  7285 | Temple   | Entered the Ecumenical Temple
  7341 | Temple   | Became a worshipper of Sif Muna the Loreminder
  8568 | D:6      | Reached skill level 5 in Conjurations
  8703 | D:6      | Noticed MrRush's ghost (novice DDFi)
  8748 | D:6      | Found a runed translucent gate.
  8783 | D:6      | Found a broken altar of Ashenzari.
  8943 | D:6      | Noticed Pikel
  8956 | D:6      | Killed Pikel
  8957 | D:6      | Reached skill level 5 in Spellcasting
  8957 | D:6      | Reached XP level 9. HP: 47/62 MP: 1/16
  9385 | D:6      | Found a runed translucent gate.
  9385 | D:6      | Found a runed translucent gate.
 10031 | D:6      | Identified 3 scrolls of acquirement
 10031 | D:6      | Acquired the Collected Works on the Blaze and the Rocks
 10039 | D:6      | Acquired a book of Iron
 10041 | D:6      | Acquired the +9 quick blade of the Lonely Nightcaps
                  | {vorpal, Will+}
 10120 | D:7      | Reached * piety under Sif Muna
 10156 | D:7      | Noticed Joseph
 10611 | D:8      | Reached skill level 5 in Fighting
 10852 | D:8      | Noticed a +0 short sword
 10852 | D:8      | Noticed a +0 short sword
 10853 | D:8      | Noticed a +0 falchion
 10854 | D:8      | Noticed a +0 dagger
 11068 | D:8      | Noticed a +0 falchion
 11070 | D:8      | Noticed a +0 dagger
 11070 | D:8      | Noticed a +0 spear
 11073 | D:8      | Noticed a +0 spear
 11079 | D:8      | Found a hide-covered altar of Uskayaw.
 11176 | D:8      | Noticed Maurice
 11388 | D:8      | Reached XP level 10. HP: 86/86 MP: 18/18
 11394 | D:8      | Killed Maurice
 11469 | D:8      | Learned a level 4 spell: Sticky Flame
 11475 | D:8      | Learned a level 5 spell: Bolt of Magma
 11482 | D:8      | Learned a level 6 spell: Iron Shot
 11582 | D:9      | Noticed a seven-headed hydra
 11614 | D:9      | HP: 2/89 [seven-headed hydra (13)]
 11614 | D:9      | Slain by a seven-headed hydra

Illustrated notes

Levels and vault maps discovered:
D:1:      matt_arrival_grand_opening, layout_loops_ring,
          chequers_ecumenical_altar_grove, minmay_lizard_pond
D:2:      minmay_diamond_boxcup, layout_basic, serial_shops,
          nicolae_shop_behind_doors, minmay_close_crescents,
          uniq_crazy_yiuf_cottage
D:3:      layout_basic, nicolae_wu_jian_wuxing_cycle, serial_undead,
          serial_undead_b, serial_undead_f, serial_undead_c, serial_undead_e,
          hex_large, uniq_natasha
D:4:      minmay_chambers_of_fours, layout_rooms, overflow_temple_1_default,
          okawaru_ov_weapons_minmay, minmay_temple_entry_fiery, minmay_bisected,
          uniq_blork_the_orc
D:5:      layout_basic
D:6:      layout_loops_ring, ashenzari_conservatory_becter,
          biasface_ghost_orc_armoury, minmay_manual_mares, uniq_pikel
D:7:      layout_rooms, dk_noncrumbling_4, minmay_hollow_rounded_squares,
          uniq_joseph
D:8:      layout_basic, nicolae_uskayaw_en_pointe, zin_treasury, uniq_maurice
D:9:      nzn_winding_woodlands_stair_cross [nzn_winding_woodlands_5x15_default,
          nzn_winding_woodlands_center_lodge,
          nzn_winding_woodlands_5x15_lazy_stream,
          nzn_winding_woodlands_5x5_perimeter,
          nzn_winding_woodlands_5x5_closed_star,
          nzn_winding_woodlands_5x15_sidewinder,
          nzn_winding_woodlands_center_triple_pond,
          nzn_winding_woodlands_5x15_default], layout_gridville, david_orc_4
Temple:   eino_temple_lava

Skill      XL: |  1  2  3  4  5  6  7  8  9 10 |
---------------+-------------------------------+-----
Spellcasting   | 2 3 4 5 6 |  6.1
Earth Magic    | 4 5 6 7 8 |  8.1
Conjurations   | 1 3 4 6 |  6.1
Fighting       | 7 8 |  8.3
Dodging        | |  1.7
Stealth        | |  2.1
Transmutations | |  0.8

Action                   |  1- 3 |  4- 6 |  7- 9 | 10-12 || total
-------------------------+-------+-------+-------+-------++-------
Melee: Unarmed           |   224 |       |       |       ||   224
       Falchion          |    50 |   167 |       |       ||   217
       Dagger            |       |    40 |    78 |       ||   118
       Flail             |       |       |     4 |       ||     4
       Quick blade       |       |       |    58 |    15 ||    73
 Fire: Shortbow          |       |       |    82 |       ||    82
 Cast: Sandblast         |    22 |    20 |    12 |       ||    54
       Stone Arrow       |       |    12 |    68 |     4 ||    84
Evoke: Wand              |       |       |     4 |       ||     4
  Use: Scroll            |       |       |     9 |     2 ||    11
       Potion            |       |       |     2 |     1 ||     3
 Stab: Sleeping          |     4 |     9 |       |       ||    13
Armor: Robe              |    86 |    44 |       |       ||   130
       Leather armour    |       |       |    73 |     7 ||    80
Dodge: Dodged            |   193 |   148 |   105 |    18 ||   464
       Rpst.: Falchion   |    15 |    42 |       |       ||    57

Table legend: (Time is in decaauts)
 A = Elapsed time spent in this place.
 B = Non-inter-level travel time spent in this place.
 C = Inter-level travel time spent in this place.
 D = Time resting spent in this place.
 E = Time spent auto-exploring this place.
 F = Levels seen in this place.
 G = Mean time per level.
                   A        B        C        D        E       F      G
               +--------+--------+--------+--------+--------+-----+--------+
         Total |  11689 |  11250 |    439 |   4124 |   4632 |  10 | 1168.9 |
       Dungeon |  11623 |  11197 |    426 |   4124 |   4582 |   9 | 1291.4 |
        Temple |     65 |     52 |     13 |      0 |     50 |   1 |   65.0 |
               +--------+--------+--------+--------+--------+-----+--------+

Top non-repeatable levels by time:
     D:1: 2195 daAuts
     D:3: 2071 daAuts
     D:6: 1984 daAuts
     D:2: 1976 daAuts
     D:5: 1276 daAuts
     D:8: 886 daAuts
     D:4: 680 daAuts
     D:7: 443 daAuts
     D:9: 110 daAuts
  Temple: 65 daAuts
